 Dungeon Crawl Stone Soup version 0.31-a0-978-g1e143483b6 (webtiles) character file.

Game seed: 10819461516172034667

163 tsujin the Changeling (level 5, -3/22 HPs)
             Began as a Felid Shapeshifter on Oct 30, 2023.
             Slain by a sleepcap (14 damage)
             ... on level 4 of the Dungeon on Oct 31, 2023.
             The game lasted 00:07:12 (2483 turns).

tsujin the Changeling (Felid Shapeshifter)          Turns: 2483, Time: 00:07:12

Health: -3/22      AC:  1    Str: 12    XL:     5   Next: 20%
Magic:  6/6        EV:  4    Int: 12    God:
Gold:   117        SH:  0    Dex: 15    Spells: 4/4 levels left
                                        Lives:  0   Deaths: 2

rFire   . .          .
                       - Unarmed
rCold   . . .        (shield unavailable)
rNeg    . . .        (body armour unavailable)
rPois   .            (helmet unavailable)
rElec   .            (cloak unavailable)
rCorr   .            (gloves unavailable)
SInv    +            (boots unavailable)
Will    .....        (no amulet)
Stlth   +            h - +4 ring of slaying
HPRegen 0.23/turn    (no ring)
MPRegen 0.10/turn

%: no passive effects
@: beast-form, sleeping, quick
A: beast (slay +2), very small, claws 1, fangs 3, see invisible, speed 1, shaggy
fur 1, stealthy paws, no weapons or thrown items, no armour, multi-lived
a: Begin Untransformation


You were on level 4 of the Dungeon.
You were a hulking beast.
You visited 1 branch of the dungeon, and saw 4 of its levels.

You collected 117 gold pieces.

Inventory:

Jewellery
 h - a +4 ring of slaying (left paw)
Talismans
 b - a beast talisman
 c - a flux talisman
Scrolls
 d - a scroll of identify
 e - a scroll of enchant weapon {unknown}
 f - a scroll of fear {unknown}
Potions
 a - a potion of lignification
 g - a potion of might


   Skills:
 - Level 1.3 Fighting
 - Level 3.0 Dodging
 + Level 4.5 Unarmed Combat
 + Level 4.7 Shapeshifting


You had 4 spell levels left.
You didn't know any spells.
Your spell library was empty.

Dungeon Overview and Level Annotations

Branches:
Dungeon (4/15)
 Temple: D:4-7

Altars:

Shops:
D:2 =


Innate Abilities, Weirdness & Mutations

You are a hulking beast.
Your limbs bulge with bestial killing power. (Slay +2)
You have sharp claws.
You have razor-sharp teeth.
You have supernaturally acute eyesight. (SInv)
You cover ground quickly. (Speed+)
You are covered in fur. (AC +1)
Your paws help you pounce on unaware monsters.
You are incapable of wielding weapons or throwing items.
You cannot wear armour.
You gain extra lives every three experience levels.


Message History

The orc wizard flickers and vanishes for a moment.
The orc priest looks encouraged for a moment.
There is a stone staircase leading down here.
You climb downwards.
There is a stone staircase leading up here.
You pounce on the unaware helpless goblin!
You claw the goblin!
You kill the goblin!
The goblin shouts!
You scratch the goblin.
The goblin is heavily wounded.
The goblin barely misses you.
You scratch the goblin.
You kill the goblin!
You can't go down here!
You start resting.
HP restored.
Health restored: 22 You now have 117 gold pieces (gained 6).
Found an escape hatch in the floor.
h - a +4 ring of slaying
h - a +4 ring of slaying (left paw)
An adder comes into view.
The adder hisses angrily.
The adder moves out of view.
Found a stone staircase leading down.
A sleepcap comes into view.
You see here a golden potion.
An endoplasm comes into view.
The adder bites you.
You take 4 damage, and have 18/22 hp.
You claw the adder!
You kill the adder!
The endoplasm quivers.
The sleepcap releases spores at you!
You are engulfed in a cloud of soporific spores!
You fall asleep.
The sleepcap releases spores at you!
Ouch! That really hurt!
You die...

#.. ##### ##..##...##
##### #.......>.#
#..... ..........#
..#... ....
#.!.####.#..#
....##...##...$.# ##
#............).#
...##..........J..##
.......##...##h...#
.......##...##.f..#
......).....##.>..#
.......<....#......#
.$.?..).....#......#
################.#..#
..#... #.....


You could see a sleepcap and an endoplasm.

Vanquished Creatures
  Terence (D:3)
  4 adders
  2 worms
  4 dart slugs
  10 ball pythons
  4 bats
  5 endoplasms
  3 giant cockroaches
  14 goblins
  3 hobgoblins
  5 jackals
  9 kobolds
  4 quokkas
  8 frilled lizards
  9 rats
85 creatures vanquished.

Notes
Turn   | Place    | Note
-------+----------+-------------------------------------------
     0 | D:1      | tsujin the Felid Shapeshifter began the quest for the Orb.
     0 | D:1      | Reached XP level 1. HP: 9/9 MP: 2/2
   192 | D:1      | Reached XP level 2. HP: 12/12 MP: 3/3
   618 | D:1      | Found a faded altar of an unknown god.
   630 | D:1      | Reached XP level 3. HP: 13/15 MP: 4/4
  1150 | D:2      | Reached XP level 4. HP: 19/19 MP: 5/5
  1164 | D:2      | You fall into a shaft and drop 1 floor!
  1292 | D:3      | Noticed Terence
  1296 | D:3      | Killed from afar by an orc wizard
  1325 | D:3      | Killed from afar by an orc priest
  1917 | D:2      | Found Miudacs's Jewellery Shoppe.
  2084 | D:3      | Killed Terence
  2085 | D:3      | Reached XP level 5. HP: 22/22 MP: 6/6
  2364 | D:3      | HP: 1/22 [orc priest/divine providence (10)]
  2408 | D:4      | Identified the "Jinneget"
  2483 | D:4      | Slain by a sleepcap

Illustrated notes

Levels and vault maps discovered:
D:1:      psy_arrival_radial01, layout_basic, nicolae_ecumenical_snake_handling,
          minmay_pentomino_t2
D:2:      layout_rooms, serial_shops, nicolae_shop_hallway_stairs,
          corexii_corridor_pit
D:3:      layout_basic, serial_shops, shop, uniq_terence,
          uniq_crazy_yiuf_cottage
D:4:      layout_gridville, minmay_misc_feat_iff, dk_noncrumbling_2

Skill      XL: |  1  2  3  4 |
---------------+-------------+-----
Dodging        | 3 |  3.0
Shapeshifting  | 4 |  4.7
Unarmed Combat | 4 |  4.5
Fighting       | |  1.3

Action                     |  1- 3 |  4- 6 || total
---------------------------+-------+-------++-------
  Melee: Unarmed           |    92 |    97 ||   189
         Bite              |     3 |     9 ||    12
         Punch             |     2 |     3 ||     5
    Use: Scroll            |     1 |     4 ||     5
         Potion            |     2 |       ||     2
   Stab: Sleeping          |     1 |     2 ||     3
 Armour: Skin              |    30 |    38 ||    68
  Dodge: Dodged            |    67 |   107 ||   174

Table legend: (Time is in decaauts)
 A = Elapsed time spent in this place.
 B = Non-inter-level travel time spent in this place.
 C = Inter-level travel time spent in this place.
 D = Time resting spent in this place.
 E = Time spent auto-exploring this place.
 F = Levels seen in this place.
 G = Mean time per level.
                   A        B        C        D        E       F      G
               +--------+--------+--------+--------+--------+-----+--------+
         Total |   2075 |   2040 |     35 |     81 |   1224 |   4 |  518.8 |
       Dungeon |   2075 |   2040 |     35 |     81 |   1224 |   4 |  518.8 |
               +--------+--------+--------+--------+--------+-----+--------+

Top non-repeatable levels by time:
     D:1: 827 daAuts
     D:2: 594 daAuts
     D:3: 582 daAuts
     D:4: 71 daAuts
